Map: Para Site LE

Players

Smileblind - Winner!

  • Race: Protoss Protoss
  • League: Silver
  • Spawn Location: 11:00

VOD

Have the link to the VOD?

Description

Time

  • Played on: Jan. 10, 2019, 6:04 p.m.
  • Length: 16:51
Show
View Real Time Build Order
Export as new Build Order

Smileblind Protoss - Winner!

Build Orders:  

Get SALT Encoding   

  12  0:08  Probe (Chrono Boost)  
  13  0:25  Probe (Chrono Boost)  
  14  0:32  Pylon  
  14  0:42  Probe (Chrono Boost)  
  15  0:59  Assimilator  
  16  1:00  Probe (Chrono Boost)  
  16  1:10  Forge  
  16  1:17  Probe (Chrono Boost)  
  17  1:30  Gateway  
  17  1:34  Probe (Chrono Boost)  
  18  1:46  Probe (Chrono Boost)  
  19  1:53  Assimilator  
  19  1:57  Probe (Chrono Boost)  
  19  1:58  Pylon  
  20  2:15  Photon Cannon  
  20  2:29  Gateway  
  21  2:32  Probe (Chrono Boost)  
  21  2:49  Probe (Chrono Boost)  
  22  2:52  Cybernetics Core  
  22  2:58  Protoss Ground Weapons Level 1  
  22  3:05  Probe (Chrono Boost)  
  22  3:07  Photon Cannon  
  23  3:21  Zealot  
  25  3:38  Pylon  
  25  3:50  Zealot  
  27  4:08  Photon Cannon  
  27  4:12  Photon Cannon  
  27  4:25  Shield Battery  
  27  4:58  Warp Gate  
  27  5:03  Nexus  
  27  5:18  Photon Cannon  
  27  5:29  Twilight Council  
  35  5:40  Probe (Chrono Boost)  
  28  5:53  Shield Battery  
  28  5:56  Probe (Chrono Boost)  
  29  6:12  Gateway  
  29  6:13  Probe (Chrono Boost)  
  31  6:30  Probe (Chrono Boost)  
  31  6:39  Shield Battery  
  31  6:47  Probe (Chrono Boost), Zealot  
  31  6:49  Sentry  
  36  7:04  Probe (Chrono Boost)  
  37  7:16  Charge  
  37  7:18  Nexus  
  37  7:29  Pylon  
  37  7:33  Pylon  
  37  7:43  Zealot  
  37  7:47  Stalker  
  41  7:59  Probe x2 (Chrono Boost)  
  43  8:16  Probe x2 (Chrono Boost)  
  45  8:24  Gateway  
  45  8:28  Gateway  
  45  8:33  Probe x2 (Chrono Boost)  
  45  8:36  Gateway  
  47  8:47  Dark Shrine  
  47  8:52  Protoss Ground Weapons Level 2  
  47  9:05  Photon Cannon  
  47  9:07  Photon Cannon  
  47  9:08  Probe (Chrono Boost)  
  48  9:19  Probe (Chrono Boost)  
  48  9:29  Probe (Chrono Boost)  
  49  9:31  Probe (Chrono Boost)  
  51  9:40  Probe (Chrono Boost)  
  51  9:47  Gateway  
  51  9:48  Gateway, Probe (Chrono Boost)  
  53  9:53  Probe (Chrono Boost)  
  54  10:00  Pylon  
  54  10:10  Probe (Chrono Boost), Zealot x4  
  58  10:40  Dark Templar  
  58  10:41  Dark Templar x3  
  58  10:44  Zealot  
  58  10:45  Zealot  
  70  10:55  Probe (Chrono Boost)  
  71  11:06  Probe (Chrono Boost)  
  72  11:19  Probe (Chrono Boost)  
  72  11:22  Nexus  
  73  11:35  Pylon  
  73  11:36  Probe (Chrono Boost)  
  73  11:38  Pylon  
  74  11:41  Pylon  
  74  11:53  Probe (Chrono Boost)  
  72  12:10  Probe (Chrono Boost)  
  72  13:26  Dark Templar x3  
  72  13:27  Dark Templar x2  
  83  13:32  Probe (Chrono Boost)  
  81  13:40  Gateway  
  81  13:42  Gateway  
  81  13:49  Probe (Chrono Boost)  
  78  14:06  Probe (Chrono Boost)  
  77  14:19  Archon  
  75  14:20  Archon  
  75  14:23  Probe (Chrono Boost)  
  75  14:25  Stalker  
  75  14:26  Stalker x3  
  84  14:39  Stalker x2  
  89  14:40  Stalker, Probe (Chrono Boost)  
  89  14:44  Probe (Chrono Boost)  
  92  14:56  Probe x2 (Chrono Boost)  
  94  15:06  Stalker x2  
  94  15:07  Stalker x3, Probe (Chrono Boost)  
  94  15:09  Probe (Chrono Boost), Zealot  
  106  15:10  Zealot  
  106  15:18  Pylon  
  110  15:20  Probe (Chrono Boost), Pylon  
  110  15:22  Pylon  
  110  15:25  Pylon  
  110  15:26  Probe (Chrono Boost)  
  112  15:37  Probe (Chrono Boost)  
  112  15:38  Stalker  
  112  15:39  Stalker x4  
  123  15:43  Stalker, Probe (Chrono Boost)  
  126  15:54  Probe (Chrono Boost)  
Tags
 
League
Silver
Matchup
Co-op
Add a new tag
Caveats
  • Supply blocks, unpowered buildings, or Contaminate may cause inaccurate times.
  • Supply counts are checked every 10 seconds.